 Dungeon Crawl Stone Soup version 0.18.1-5-g4a78601 (webtiles) character file.

131 LORDOFBUTT the Caller (level 4, 0/24 HPs)
             Began as a Deep Elf Summoner on May 14, 2016.
             Slain by a quokka (2 damage)
             ... on level 3 of the Dungeon.
             The game lasted 00:05:57 (1949 turns).

LORDOFBUTT the Caller (Deep Elf Summoner)           Turns: 1949, Time: 00:05:58

Health: 0/24       AC:  2    Str:  5    XL:     4   Next: 91%
Magic:  11/13      EV: 16    Int: 20    God:
Gold:   27         SH:  0    Dex: 16    Spells: 2 memorised, 10 levels left

rFire  . . .     SeeInvis .     (no weapon)
rCold  . . .     Gourm    .     a - +0 robe
rNeg   . . .     Faith    .     (no shield)
rPois  .         Spirit   .     (no helmet)
rElec  .         Dismiss  .     (no cloak)
rCorr  .         Reflect  .     (no gloves)
SustAt .         Harm     .     (no boots)
MR     .....                    (no amulet)
Stlth  ++........               (no ring)
                                k - +3 ring of evasion

@: not resistant to hostile enchantments, unstealthy
A: no striking features
a: no special abilities


You were on level 3 of the Dungeon.
You were not hungry.

You visited 1 branch of the dungeon, and saw 3 of its levels.

You collected 27 gold pieces.

Inventory:

Hand Weapons
 l - a +0 club
Armour
 a - a +0 robe (worn)
Jewellery
 k - a +3 ring of evasion (left hand)
Scrolls
 d - 4 scrolls of identify {unknown}
 e - 2 scrolls of remove curse {unknown}
 h - a scroll of amnesia {unknown}
 j - a scroll of random uselessness {unknown}
Potions
 f - a potion of lignification {unknown}
 g - a potion of might {unknown}
 i - a potion of flight {unknown}
 n - 4 potions of heal wounds {unknown}
 p - 3 potions of curing {unknown}
 q - 2 potions of degeneration {unknown}
Books
 b - a book of Callings

   Spells                             Type                      Level
   a - Summon Small Mammal            Summoning                    1
   b - Call Imp                       Summoning                    2
   c - Call Canine Familiar           Summoning                    3
   d - Summon Guardian Golem          Hexes/Summoning              3
   e - Summon Lightning Spire         Summoning/Air                4
   f - Summon Ice Beast               Ice/Summoning                4
Comestibles
 c - 2 bread rations
 m - 2 meat rations


   Skills:
 + Level 0.1 Fighting
 + Level 3.0 Dodging
 + Level 2.6 Stealth
 + Level 5.0 Spellcasting
 + Level 5.5 Summonings


You had 10 spell levels left.
You knew the following spells:

 Your Spells              Type           Power        Failure   Level  Hunger
a - Summon Small Mammal   Summ           ####         1%          1    None
b - Call Imp              Summ           ####....     1%          2    None


Dungeon Overview and Level Annotations

Branches:
Dungeon (3/15)

Altars:


Message History

A beastly little devil appears in a puff of flame.
The quokka bites you.
* * * LOW HITPOINT WARNING * * *
The hobgoblin hits your crimson imp with a club.
Your crimson imp blinks!
The quokka closely misses you.
Casting: Call Imp
Confirm with . or Enter, or press ? or * to list all spells.
A metallic apparition takes form in the air.
The quokka closely misses you.
The hobgoblin hits your iron imp but does no damage.
Your iron imp barely misses the hobgoblin.
Your iron imp hits the hobgoblin but does no damage.
The quokka misses you. The quokka completely misses you.
Your iron imp barely misses the hobgoblin.
Your crimson imp blinks!
The hobgoblin barely misses your iron imp.
The quokka bites you.
You die...

# ##.....# #..[.#
#####......# #....#
.##...†##### #....# ##.
......## #....#####....
##.....# ###....(....#
....##.# ###..##.....##
.#.###..# #..>###.###.#
.#.# #..########.####..#
#.# ..# #.....##.@....(.##
#.# .###
####.....#r.....####.####
.#
#####.....#5.............#
##
#.5...###5.##.###........#
#######.##### ##g##.#
#........# ........#
#....# #........#
..>...5## #.####
#.....)..# ......†# ###
#........# ..)....#
##########


You could see a quokka and 2 friendly iron imps.

Vanquished Creatures
  A goblin (D:2)
  A jackal (D:1)
2 creatures vanquished.

Vanquished Creatures (collateral kills)
  The ghost of badtown the Grave Robber, an amateur DsNe (D:3)
  4 gnolls (D:3)
  2 adders
  A worm (D:2)
  3 dart slugs
  2 giant geckos
  An orc (D:3)
  2 ball pythons
  10 bats
  A giant cockroach (D:2)
  7 goblins
  3 hobgoblins
  5 jackals
  2 quokkas
  A giant newt (D:3)
  6 kobolds
  8 rats
59 creatures vanquished.

Grand Total: 61 creatures vanquished

Notes
Turn   | Place    | Note
--------------------------------------------------------------
     0 | D:1      | LORDOFBUTT the Deep Elf Summoner began the quest for the Orb.
     0 | D:1      | Reached XP level 1. HP: 10/10 MP: 6/6
   291 | D:1      | Reached XP level 2. HP: 15/15 MP: 2/8
  1011 | D:2      | Reached XP level 3. HP: 19/19 MP: 5/10
  1015 | D:2      | Learned a level 2 spell: Call Imp
  1212 | D:2      | Reached skill level 5 in Summonings
  1635 | D:3      | Noticed badtown's ghost (amateur DsNe)
  1706 | D:3      | Killed badtown's ghost
  1706 | D:3      | Reached XP level 4. HP: 16/24 MP: 0/12
  1809 | D:3      | Reached skill level 5 in Spellcasting
  1933 | D:3      | HP: 1/24 [quokka (3)]
  1949 | D:3      | Slain by a quokka

Skill      XL: |  1  2  3  4 |
---------------+-------------+-----
Summonings     | 5 |  5.5
Spellcasting   | 4 5 |  5.0
Dodging        | 3 |  3.0
Fighting       | |  0.1
Stealth        | |  2.6

Action                   |  1- 3 |  4- 6 || total
-------------------------+-------+-------++-------
Melee: Unarmed           |    10 |     3 ||    13
 Cast: Summon Small Mamm |    72 |       ||    72
       Call Imp          |    26 |     4 ||    30
  Eat: Fruit             |     3 |       ||     3
       Beef jerky        |     1 |       ||     1
Armor: Robe              |    17 |     3 ||    20
Dodge: Dodged            |    66 |    24 ||    90
